 Dungeon Crawl Stone Soup version 0.31.0-11-ge490571c62 (webtiles) character file.

Game seed: 14058130002939913042

49 qw the Shooter (level 3, -1/20 HPs)
             Began as a Deep Elf Hunter on Feb 3, 2024.
             Succumbed to an adder's poison
             ... on level 2 of the Dungeon.
             The game lasted 00:00:03 (652 turns).

qw the Shooter (Deep Elf Hunter)                     Turns: 652, Time: 00:00:03

Health: -1/20      AC:  6    Str: 10    XL:     3   Next: 51%
Magic:  5/5        EV:  9    Int: 13    God:
Gold:   73         SH:  0    Dex: 18    Spells: 2/2 levels left

rFire   . . .        a - +0 shortbow
rCold   . . .        (shield currently unavailable)
rNeg    . . .        g - +0 scale mail
rPois   .            (no helmet)
rElec   .            (no cloak)
rCorr   .            (no gloves)
SInv    .            (no boots)
Will    .....        (no amulet)
Stlth   +            (no ring)
HPRegen 0.23/turn    (no ring)
MPRegen 0.09/turn

%: no passive effects
@: lethally poisoned (-1 -> -3)
A: no striking features
a: no special abilities


You were on level 2 of the Dungeon.
You visited 1 branch of the dungeon, and saw 2 of its levels.

You collected 73 gold pieces.


   Skills:
 - Level 1.5 Fighting
 + Level 7.0 Ranged Weapons
 - Level 2.4 Dodging
 - Level 1.2 Stealth


You had 2 spell levels left.
You didn't know any spells.
Your spell library was empty.

Inventory:

Hand Weapons
 a - a +0 shortbow (weapon)
Armour
 g - a +0 scale mail (worn)
Scrolls
 b - a scroll of enchant armour {unknown}
 c - a scroll of amnesia {unknown}

Dungeon Overview and Level Annotations

Branches:
Dungeon (2/15)

Altars:
Kikubaaqudgha


Message History

Your Ranged Weapons skill increases to level 7!
You start resting.
You feel sick.
You are no longer poisoned.
HP restored.
Found an escape hatch in the ceiling.
There is an escape hatch in the ceiling here.
Found 4 stones.
Found 3 stones.
Found an ancient bone altar of Kikubaaqudgha.
You now have 67 gold pieces (gained 5).
You now have 73 gold pieces (gained 6).
There is an ancient bone altar of Kikubaaqudgha here.
An adder comes into view.
The adder hisses angrily.
The adder bites you.
You shoot an arrow. The arrow barely misses the adder.
The adder bites you.
You are poisoned.
The adder poisons you! The adder closely misses you.
You shoot an arrow. The arrow hits the adder.
The adder is heavily wounded.
You feel sick. The adder closely misses you.
You shoot an arrow.
The arrow hits the adder but does no damage.
The adder is heavily wounded.
You feel sick. The adder bites you. x2
You are more poisoned.
The adder poisons you!
You shoot an arrow. The arrow hits the adder.
The adder is severely wounded.
You feel sick. The adder closely misses you. x2
You shoot an arrow. The arrow barely misses the adder.
You feel sick. The adder barely misses you. x2
You shoot an arrow. The arrow barely misses the adder.
You feel sick. The adder barely misses you. The adder bites you.
You shoot an arrow. The arrow barely misses the adder.
You feel sick. The adder barely misses you.
You shoot an arrow. The arrow barely misses the adder.
You die...

#.....#
#.....#
#.._.(#
#..(..#
#.....#
##...##
##..#
####.#
#.@..#
##
#S####
.# #.
.# #.
.# #.
[# ..
.# ..
.# ..
##


You could see an adder.

Vanquished Creatures
  An adder (D:2)
  A dart slug (D:1)
  3 endoplasms (D:1)
  4 hobgoblins (D:1)
  6 jackals (D:1)
  4 ball pythons
  2 bats (D:1)
  5 frilled lizards (D:1)
  5 goblins
  3 kobolds (D:1)
  A rat (D:1)
35 creatures vanquished.

Notes
Turn   | Place    | Note
-------+----------+-------------------------------------------
     0 | D:1      | qw the Deep Elf Hunter began the quest for the Orb.
     0 | D:1      | Reached XP level 1. HP: 12/12 MP: 3/3
     0 | D:1      | 0 ||| qw: Version: 0.3-a-157-g843a77d
     0 | D:1      | 0 ||| qw: Game counter: 3919
     0 | D:1      | 0 ||| qw: Melee chars always use a shield: true
     0 | D:1      | 0 ||| qw: God list: Okawaru
     0 | D:1      | 0 ||| qw: Allow faded altars: false
     0 | D:1      | 0 ||| qw: Do Orc after clearing Dungeon:15 true
     0 | D:1      | 0 ||| qw: Do second Lair branch before Depths: true
     0 | D:1      | 0 ||| qw: Lair rune preference: random
     0 | D:1      | 0 ||| qw: Goals: Normal
     0 | D:1      | 0 ||| PLANNING D:1-11
    82 | D:1      | Reached skill level 6 in Ranged Weapons
    82 | D:1      | Reached XP level 2. HP: 16/16 MP: 4/4
   278 | D:1      | Reached XP level 3. HP: 20/20 MP: 5/5
   336 | D:1      | Found a faded altar of an unknown god.
   416 | D:1      | 416 ||| UPGRADING to +0 scale mail.
   426 | D:1      | 426 ||| DROPPING +0 leather armour.
   427 | D:1      | 427 ||| READING 2 scrolls labelled NAGGEI SEBEGAM.
   428 | D:1      | 428 ||| READING scroll labelled JENAUPSEO GEKOI.
   428 | D:1      | 428 ||| IDENTIFYING silvery potion
   429 | D:1      | 429 ||| DROPPING scroll of butterflies.
   430 | D:1      | 430 ||| DROPPING scroll of noise.
   431 | D:1      | 431 ||| DROPPING potion of attraction.
   555 | D:2      | Reached skill level 7 in Ranged Weapons
   627 | D:2      | Found an ancient bone altar of Kikubaaqudgha.
   649 | D:2      | HP: 5/20 [poisoned by an adder]
   650 | D:2      | HP: 2/20 [adder (3)]
   652 | D:2      | Succumbed to an adder's poison

Levels and vault maps discovered:
D:1:      minmay_arrival_four_circles, layout_rooms,
          nicolae_ecumenical_snake_handling
D:2:      layout_loops_ring, basic_altar, minmay_domino_2,
          uniq_crazy_yiuf_cottage

Skill      XL: |  1  2  3 |
---------------+----------+-----
Ranged Weapons | 6 7 |  7.0
Fighting       | |  1.5
Dodging        | |  2.4
Stealth        | |  1.2

Action                     || total
---------------------------++-------
   Fire: Shortbow          ||    85
    Use: Scroll            ||     2
 Armour: Leather armour    ||    10
         Scale mail        ||    12
  Dodge: Dodged            ||    23

Table legend:
 A = Non-vault XP
 B = Vault XP
 C = Vault XP percentage of total XP
 D = Non-vault monster count
 E = Vault monster count
 F = Vault count percentage of total count
                 A         B        C        D         E       F
            +---------+---------+-------+---------+---------+-------
      Total |      67 |       3 |   4.3 |      33 |       2 |   5.7
            +---------+---------+-------+---------+---------+-------
        D:1 |      50 |       3 |   5.7 |      30 |       2 |   6.2
        D:2 |      17 |       0 |   0.0 |       3 |       0 |   0.0
            +---------+---------+-------+---------+---------+-------
